 Dungeon Crawl Stone Soup version 0.28-a0-429-g1448048969 (webtiles) character file.

Game seed: 16226104166825875338

32 RandomusNamus the Slasher (level 3, -2/30 HPs)
             Began as a Minotaur Gladiator on Sept 11, 2021.
             Slain by a kobold (4 damage)
             ... on level 1 of the Dungeon.
             The game lasted 00:00:50 (632 turns).

RandomusNamus the Slasher (Minotaur Gladiator)       Turns: 632, Time: 00:00:52

Health: -2/30      AC:  3    Str: 18    XL:     3   Next: 10%
Magic:  2/2        EV:  9    Int:  5    God:
Gold:   0          SH:  6    Dex: 12    Spells: 2/2 levels left

rFire   . . .      SeeInvis .   a - +0 long sword
rCold   . . .      Faith    .   h - +0 kite shield
rNeg    . . .      Spirit   .   b - +0 leather armour
rPois   .          Reflect  .   c - +0 hat
rElec   .          Harm     .   (no cloak)
rCorr   .          Rampage  .   (no gloves)
Will    .....                   (no boots)
Stlth   +.........              (no amulet)
HPRegen 0.10/turn               (no ring)
MPRegen 0.08/turn               (no ring)

@: no status effects
A: horns 2, retaliatory headbutt
a: no special abilities


You were on level 1 of the Dungeon.
You visited 1 branch of the dungeon, and saw 2 of its levels.


Innate Abilities, Weirdness & Mutations

You have a pair of horns on your head.
You reflexively headbutt those who attack you in melee.


   Skills:
 + Level 2.9 Fighting
 * Level 4.3 Long Blades
 - Level 2.0 Throwing
 + Level 1.2 Armour
 + Level 3.6 Dodging
 + Level 0.2 Shields


You had 2 spell levels left.
You didn't know any spells.
Your spell library was empty.

Inventory:

Hand Weapons
 a - a +0 long sword (weapon)
Missiles
 d - 3 throwing nets (quivered) {!f=f, !d}
Armour
 b - a +0 leather armour (worn)
 c - a +0 hat (worn)
 h - a +0 kite shield (worn)
   (You found it on level 1 of the Dungeon)
 i - a +0 pair of gloves
   (You found it on level 1 of the Dungeon)
Scrolls
 e - a scroll of summoning {!r, unknown}
 f - a scroll of acquirement {!r, unknown}
 g - 2 scrolls of identify {!r, unknown}
 j - a scroll of enchant weapon {!r, unknown}

Dungeon Overview and Level Annotations

Branches:
Dungeon (2/15)

Altars:

#..........†K...............
#...(...#..@##..............
#######.#...##..............
#........#..)).#......
##..........#.##.##...
###########..............##...
#............................#
#......................#).).##
#.>..........#.............##
#########..............##...#
####.#.........##.#.#
#...........)..#.#
#...........)..#.##
#...........÷.)#...
#.#............)÷##
#.########.....#.## ###
###...#..#


You could see a kobold.


Message History

Nay target in view!!!
HP restored!
Key pressed, stoppin' 'splore!
Unknown command!
Nay target in view!!!
Thin's tha be 'ere: a +0 dagger; a jackal skeleton; a goblin butt Nay target in view!!!
Unknown command!
Thin's tha be 'ere: a +0 club; a +0 club; a goblin butt Unknown command!
Nay target in view!!!
i - a +0 pair o' gloves Nay target in view!!!
Unknown command!
Found a robe!
Nay target in view!!!
Unknown command!
Ye see 'ere a +0 robe!
A ball python comes inta view!
A ball python be nearby!!!
Found a stone staircase leadin' down!
Tha ball python hisses angrily!
Unknown command!
Butt carve tha ball python like a ham!
Ye annihilate tha ball python!!!
Ye haf reached level 3!!!
Yer 'sperience leads ta an increase in yer attributes!!!
Increase (S)tr'ngth, (I)ntelligence, or (D)'sterity?
Ye feel agile!
Unknown command!
Key pressed, stoppin' 'splore!
Nay target in view!!!
Nay butt in view!!!
Unknown command!
Found a faded altar o' an unknown god!
Nay target in view!!!
Unknown command!
A kobold comes inta view!
It be wieldin' a +0 dagger!
Tha kobold shouts!!!
A kobold be nearby!!!
Ye see 'ere a scroll labelled LOEZORRINE {!!.r}!
Unknown command!
Tha kobold butt-ly misses ye!
Ye furiously retaliate!!!
Ye headbutt tha kobold!!!
Ye annihilate tha kobold!!!
j - a scroll labelled LOEZORRINE {!!.r} Nay target in view!!!
Unknown command!
Ye see 'ere a +0 dagger!
A ball python comes inta view!
A ball python be nearby!!!
Tha ball python hisses angrily!
Unknown command!
A ball python be nearby!!!
Unknown command!
A ball python be nearby!!!
Ye closely miss tha ball python!
Tha ball python closely misses ye!
Tha ball python barely misses ye! x2
Tha ball python grabs ye!
Tha ball python constricts ye!
Damage: -3%(-1hp) hp: 97%(29hp)
A ball python be nearby!!!
Ye closely miss tha ball python!
Tha ball python bites ye but does nay damage!
Tha ball python constricts ye!
Tha ball python barely misses ye!
Ye furiously retaliate!!!
Ye headbutt tha ball python!
Ye annihilate tha ball butt!!!
Damage: -3%(-1hp) hp: 94%(28hp) Unknown command!
Key pressed, stoppin' 'splore!
Nay target in view!!!
Unknown command!
Nay target in view!!!
Found 10 slin' bullets!
Nay target in view!!!
Unknown command!
A butt comes inta view!
It be wieldin' a +0 dagger!
A kobold be nearby!!!
Unknown command!
A kobold be nearby!!!
Found a stone staircase leadin' down!
Unknown command!
Tha kobold closely misses ye!
A kobold butts nearby!!!
Unknown command!
Ye carve tha kobold like a ham!
Ye annihilate tha kobold!!!
Thin's tha be 'ere: a +0 dagger; a kobold corpse Nay target in view!!!
Unknown command!
Found a stone staircase leadin' down!
Nay target in view!!!
Unknown command!
Key pressed, stoppin' 'splore!
Nay target in view!!!
Unknown command!
Key pressed, stoppin' 'splore!
Nay target in view!!!
Unknown command!
Nay target in view!!!
Done 'splorin'!
Nay target in view!!!
Unknown command!
Done 'splorin'!
Nay target in view!!!
Unknown command!
Done 'splorin'!
Nay target in view!!!
Unknown command!
Done 'splorin'!
Nay target in view!!!
Unknown command!
Key pressed, stoppin' 'splore!
Nay target in view!!!
Unknown command!
Nay target in view!!!
Done 'splorin'!
(D) Dungeon Where ta? (? - help) Thar be a stone staircase leadin' down 'ere!
Ye climb downwards!
Tha kobold shouts!!!
Ye hear a shout!!!
Tha endoplasm quivers!
Ye hear a shout!!!
Found a stone staircase leadin' down!
Thar be a stone staircase leadin' up 'ere!
Thar be monsters nearby!!!
A goblin an' a gnoll come inta butt!
Found a club!
Tha gnoll shouts!!!
Tha goblin shouts!!!
A gnoll comes inta view!
It be wieldin' a +0 whip!
Thar be monsters nearby!!!
Tha gnoll shouts!!!
A quokka comes inta view!
Thar be monsters nearby!!!
Tha kobold hits ye wit' a +0 short sword!
Tha rat bites ye but butts nay damage!
Damage: -16%(-5hp) hp: 84%(25hp) Unknown command!
Unknown command!
Unknown command!
Unknown command!
Tha kobold throws a stone!
Tha stone closely misses ye!
Tha gnoll hits ye from afar wit' a +0 spear!
Tha rat bites ye but does nay damage!
Thar be a stone staircase leadin' up 'ere!
Damage: -7%(-2hp) hp: 77%(23hp) Unknown command!
Unknown command!
Ye block tha kobold's butt!
Tha gnoll hits ye from afar wit' a +0 spear!!!
* * * LOW HITPOINT WARNIN'
* * * Tha endoplasm hits ye but does nay damage!
Ye block tha rat's attack!
Ye climb upwards!
Thar be a stone staircase leadin' down 'ere!
Huge Dmg: -23%(-7hp) hp: 54%(16hp) Ye be too injured ta fight recklessly!!!
Unknown command!
Unknown command!
Ye be too injured ta fight recklessly!!!
Unknown command!
Ye be too injured ta fight recklessly!!!
Ye op'n tha endoplasm like a pillowcase!
Tha endoplasm be severely wounded!
Tha kobold barely misses ye!
Tha endoplasm barely misses ye!
Tha rat bites ye but does nay damage!
Tha kobold hits ye wit' a +0 short sword!
* * * LOW HITPOINT WARNIN'
* * * Huge Dmg: -14%(-4hp) hp: 40%(12hp) Ye op'n tha endoplasm like a pillowcase!
Ye annihilate tha endoplasm!!!
Ye block tha rat's attack!
Tha kobold hits ye wit' a +0 short sword!
* * * LOW HITPOINT WARNIN'
* * * Huge Dmg: -16%(-5hp) hp: 24%(7hp) Ye closely miss tha kobold!
Yer headbutt misses tha kobold!
Tha rat barely misses ye!
Tha kobold hits ye wit' a +0 short sword!
* * * LOW HITPOINT WARNIN'
* * * Tha rat barely misses ye!
Tha kobold hits ye but does nay damage!
Damage: -4%(-1hp) hp: 20%(6hp) Unknown command!
Ye cut tha rat but do nay damage!
Tha rat bites ye but does nay damage!
Tha kobold hits ye wit' a +0 short sword!
* * * LOW HITPOINT WARNIN'
* * * Damage: -3%(-1hp) hp: 17%(5hp) Unknown command!
Ye barely miss tha kobold!
Tha rat bites ye but does nay damage!
Tha butt barely misses ye!
Ye block tha rat's attack!
Tha kobold hits ye wit' a +0 short sword!
* * * LOW HITPOINT WARNIN'
* * * Huge Dmg: -10%(-3hp) hp: 7%(2hp) Butt cut tha rat inta ribbons!
Ye annihilate tha rat!!!
Tha kobold hits ye wit' a +0 short sword!
Ye die!!!

Levels and vault maps discovered:
D:1:      elethiomel_arrival_quiet, layout_rooms,
          chequers_ecumenical_altar_simple_redux
D:2:      layout_rooms, basic_altar, uniq_robin

Notes
Turn   | Place    | Note
-------+----------+-------------------------------------------
     0 | D:1      | RandomusNamus the Minotaur Gladiator began the quest for
                  | the Orb.
     0 | D:1      | Reached XP level 1. HP: 18/18 MP: 0/0
   115 | D:1      | Reached XP level 2. HP: 25/25 MP: 1/1
   118 | D:1      | Reached skill level 4 in Long Blades
   123 | D:1      | Reached skill level 1 in Armour
   491 | D:1      | Reached XP level 3. HP: 30/30 MP: 2/2
   512 | D:1      | Found a faded altar of an unknown god.
   632 | D:1      | Slain by a kobold

Vanquished Creatures
  3 ball pythons (D:1)
  A bat (D:1)
  2 endoplasms (D:1)
  5 goblins (D:1)
  3 hobgoblins (D:1)
  4 jackals (D:1)
  6 kobolds (D:1)
  3 frilled lizards (D:1)
  2 rats (D:1)
29 creatures vanquished.

Action                   || total
-------------------------++-------
Melee: Long sword        ||    46
       Headbutt          ||     8
Armor: Leather armour    ||    20
Dodge: Dodged            ||    43
Block: Kite shield       ||     8
